 Dungeon Crawl Stone Soup version 0.19.4 (webtiles) character file.

179 Minion the Gusty (level 5, -5/38 HPs)
             Began as a Draconian Air Elementalist on Feb 2, 2017.
             Slain by a black bear (11 damage)
             ... on level 4 of the Dungeon.
             The game lasted 00:11:16 (3624 turns).

Minion the Gusty (Draconian Air Elementalist)       Turns: 3624, Time: 00:11:17

Health: -5/38      AC:  5    Str: 10    XL:     5   Next: 33%
Magic:  0/10       EV: 12    Int: 17    God:
Gold:   136        SH:  0    Dex: 11    Spells: 3 memorised, 5 levels left

rFire  . . .     SeeInvis .     (no weapon)
rCold  . . .     Gourm    .     (armour unavailable)
rNeg   + . .     Faith    .     (no shield)
rPois  .         Spirit   .     (helmet restricted)
rElec  .         Reflect  .     (no cloak)
rCorr  .         Harm     .     (no gloves)
MR     .....                    (no boots)
Stlth  ++........               (no amulet)
                                (no ring)
                                c - ring of positive energy

@: very slightly contaminated
A: unfitting armour, cold-blooded, AC +5
a: no special abilities


You were on level 4 of the Dungeon.
You were not hungry.

You visited 1 branch of the dungeon, and saw 4 of its levels.

You collected 136 gold pieces.

Inventory:

Jewellery
 c - a ring of positive energy (left hand)
Wands
 d - a wand of acid (11/15)
Scrolls
 f - a scroll of enchant armour
 g - a scroll of remove curse
 i - 2 scrolls of identify
 l - a scroll of fog {unknown}
Potions
 e - 2 potions of agility
 h - a potion of mutation {unknown}
 k - a potion of degeneration {unknown}
 n - a potion of beneficial mutation {unknown}
Books
 a - a book of Air

   Spells                             Type                      Level
   a - Shock                          Conjuration/Air              1
   b - Swiftness                      Charms/Air                   2
   c - Repel Missiles                 Charms/Air                   2
   d - Static Discharge               Conjuration/Air              3
   e - Lightning Bolt                 Conjuration/Air              5
 m - a book of Cantrips

   Spells                             Type                      Level
   a - Confusing Touch                Hexes                        1
   b - Animate Skeleton               Necromancy                   1
   c - Summon Small Mammal            Summoning                    1
   d - Apportation                    Translocation                1
 p - a book of Conjurations

   Spells                             Type                      Level
   a - Magic Dart                     Conjuration                  1
   b - Searing Ray                    Conjuration                  2
   c - Dazzling Spray                 Conjuration/Hexes            3
   d - Fulminant Prism                Conjuration/Hexes            4
   e - Iskenderun's Mystic Blast      Conjuration                  4
   f - Iskenderun's Battlesphere      Conjuration/Charms           5
Comestibles
 b - 3 bread rations
 j - a beef jerky
 o - a chunk of flesh


   Skills:
 - Level 1.7 Dodging
 - Level 1.7 Stealth
 + Level 3.9 Spellcasting
 - Level 1.0 Conjurations
 + Level 4.7 Air Magic


You had 5 spell levels left.
You knew the following spells:

 Your Spells              Type           Power        Failure   Level  Hunger
a - Shock                 Conj/Air       ##..         6%          1    None
b - Static Discharge      Conj/Air       ##......     17%         3    ###....
c - Repel Missiles        Chrm/Air       ##....       12%         2    ##.....


Dungeon Overview and Level Annotations

Branches:
Dungeon (4/15)
 Temple: D:4-7

Altars:


Innate Abilities, Weirdness & Mutations

Your plain brown scales are hard. (AC +5)
You cannot fit into any form of body armour.
You are cold-blooded and may be slowed by cold attacks.


Message History

The black bear claws you but does no damage.
The black bear barely misses you. The black bear claws you.
* * * LOW HITPOINT WARNING * * *
The black bear completely misses you.
You see here 20 stones.
Casting: Shock
Confirm with . or Enter, or press ? or * to list all spells.
Aiming: Shock
Press: ? - help, Shift-Dir - straight line The zap hits the black bear.
The black bear is severely wounded.
The zap hits the black bear.
The black bear is almost dead.
The black bear closely misses you. The black bear misses you.
The black bear claws you but does no damage.
The black bear barely misses you. The black bear closely misses you.
The black bear claws you.
* * * LOW HITPOINT WARNING * * *
The black bear bites you!
You die...

#...###...## #.#
##.......## #.#
##.....## #.# ##.####
#.# #.# #.##### ####
#.# ###.....###...
#.########'##..........
#...(h......'....>.....
######@...(.#....###...
#......#....# ####
#......+......#
#......######.#
#......# .# ######## #
## .. ##


You could see a black bear (berserk).

Vanquished Creatures
  A worker ant (D:4)
  6 adders
  3 gnolls (D:2)
  An ooze (D:2)
  2 dart slugs
  A leopard gecko (D:3)
  An orc (D:3)
  3 giant cockroaches
  8 goblins
  6 hobgoblins
  8 kobolds
  A quokka (D:2)
  A ball python (D:3)
  13 bats
  4 frilled lizards
  12 rats
71 creatures vanquished.

Notes
Turn   | Place    | Note
-------+----------+-------------------------------------------
     0 | D:1      | Minion the Draconian Air Elementalist began the quest for the Orb.
     0 | D:1      | Reached XP level 1. HP: 14/14 MP: 3/3
   402 | D:1      | Reached XP level 2. HP: 12/20 MP: 1/5
   943 | D:1      | Reached XP level 3. HP: 26/26 MP: 7/7
  1139 | D:2      | HP: 1/26 [hobgoblin/club (4)]
  1633 | D:2      | Reached skill level 4 in Air Magic
  1633 | D:2      | Reached XP level 4. HP: 33/33 MP: 4/8
  2546 | D:2      | Learned a level 3 spell: Static Discharge
  2549 | D:2      | Learned a level 2 spell: Repel Missiles
  3106 | D:3      | Reached XP level 5. HP: 38/38 MP: 6/10
  3603 | D:4      | Noticed a black bear
  3624 | D:4      | Slain by a black bear

Skill      XL: |  1  2  3 |
---------------+----------+-----
Spellcasting   | 3 |  3.9
Air Magic      | 4 |  4.7
Dodging        | |  1.7
Stealth        | |  1.7
Conjurations   | |  1.0

Action                   |  1- 3 |  4- 6 || total
-------------------------+-------+-------++-------
Melee: Unarmed           |   127 |    14 ||   141
       Tailslap          |     9 |     2 ||    11
 Cast: Shock             |    53 |    88 ||   141
       Static Discharge  |       |     2 ||     2
  Use: Scroll            |     2 |     4 ||     6
 Stab: Sleeping          |     2 |       ||     2
  Eat: Chunk             |     3 |     6 ||     9
Armor: Skin              |    71 |    16 ||    87
Dodge: Dodged            |   110 |    51 ||   161
